 Dungeon Crawl Stone Soup version 0.31.0-9-g3a7656b989 (console) character file.

Game seed: 13220532835572197137

1576 mulx the Cleaver (level 8, -1/66 HPs)
             Began as a Minotaur Fighter on Jan 31, 2024.
             Was a Believer of Elyvilon.
             Slain by Joseph
             ... wielding a +1 quarterstaff of pain
              (2 damage)
             ... on level 7 of the Dungeon.
             The game lasted 00:29:30 (7262 turns).

mulx the Cleaver (Minotaur Fighter)                 Turns: 7262, Time: 00:29:30

Health: -1/66      AC: 10    Str: 27    XL:     8   Next: 60%
Magic:  9/9        EV: 12    Int:  5    God:    Elyvilon [**....]
Gold:   108        SH:  4    Dex: 11    Spells: 7/7 levels left

rFire   . . .        a - +0 war axe
rCold   . . .        c - +0 buckler
rNeg    . . .        l - +0 leather armour of Lugonu, Freezing {Str+5 Slay+2}
rPois   .            t - +0 hat
rElec   .            E - +0 cloak
rCorr   .            h - +2 pair of gloves
SInv    .            s - +1 pair of boots {rampage}
Will    .....        (no amulet)
Stlth   +            (no ring)
HPRegen 0.31/turn    (no ring)
MPRegen 0.11/turn

%: rampage
@: hasted, very quick
A: horns 2, retaliatory headbutt
a: Renounce Religion, Purification, Heal Other


You were on level 7 of the Dungeon.
You worshipped Elyvilon.
Elyvilon was pleased with you.
You visited 2 branches of the dungeon, and saw 8 of its levels.

You collected 269 gold pieces.
You spent 161 gold pieces at shops.

Inventory:

Hand Weapons
 a - a +0 war axe (weapon)
Missiles
 C - 20 poisoned darts (quivered)
Armour
 c - a +0 buckler (worn)
 h - a +2 pair of gloves (worn)
 l - the +0 leather armour of Lugonu, Freezing (worn) {Str+5 Slay+2}
   (You found it on level 2 of the Dungeon)

   Str+5:     It affects your strength (+5).
   Slay+2:    It affects your accuracy & damage with ranged weapons and melee
   (+2).
 o - an orb of mayhem
 q - a +0 plate armour
 s - a +1 pair of boots of rampaging (worn)
 t - a +0 hat (worn)
 E - a +0 cloak (worn)
Jewellery
 n - a ring of fire
 y - a ring of protection from fire
Wands
 z - a wand of acid (10)
 D - a wand of polymorph (14)
 H - a wand of charming (18)
Scrolls
 b - 2 scrolls of vulnerability {unknown}
 e - 3 scrolls of identify
 f - 2 scrolls of noise
 g - a scroll of revelation {unknown}
 j - 3 scrolls of immolation
 k - 2 scrolls of teleportation
 p - a scroll of fear
 v - 2 scrolls of blinking {unknown}
 w - 2 scrolls of enchant weapon {unknown}
 x - 2 scrolls of fog {unknown}
 A - a scroll of enchant armour {unknown}
 I - a scroll of amnesia {unknown}
Potions
 i - a potion of enlightenment {unknown}
 m - 2 potions of heal wounds {unknown}
 r - a potion of invisibility {unknown}
 u - 4 potions of curing {unknown}
 B - a potion of lignification {unknown}
 G - a potion of berserk rage {unknown}


   Skills:
 - Level 4.0 Fighting
 * Level 10.2 Axes
 - Level 4.3 Armour
 - Level 4.0 Dodging
 - Level 4.1 Shields
 * Level 3.4 Invocations
 + Level 2.8 Evocations


You had 7 spell levels left.
You didn't know any spells.
Your spell library contained the following spells:

 Spells                   Type           Power      Damage    Failure   Level
 Kiss of Death            Conj/Necr      0%         2d5       56%         1
 Slow                     Hex            0%         N/A       56%         1
 Mercury Vapours          Alch/Air       0%         N/A       71%         2
 Confusing Touch          Hex            0%         N/A       91%         3
 Mephitic Cloud           Conj/Alch/Air  0%         N/A       91%         3
 Sigil of Binding         Hex            0%         N/A       91%         3
 Vampiric Draining        Necr           0%         2d6       91%         3
 Dispel Undead            Necr           0%         3d6       100%        4
 Freezing Cloud           Conj/Ice/Air   0%         6-21      100%        5
 Sculpt Simulacrum        Ice/Alch       0%         N/A       100%        6
 Ozocubu's Refrigeration  Ice            0%         4d7       100%        7
 Polar Vortex             Ice            0%         N/A       100%        9


Dungeon Overview and Level Annotations

Branches:
Dungeon (7/15)             Temple (1/1) D:5

Altars:
Ashenzari
Cheibriados
Elyvilon
Fedhas
Gozag
Qazlal
Trog
Uskayaw
Vehumet
Wu Jian
Xom
Yredelemnul
Zin
The Shining One

Shops:
D:3 *   D:6 !

Annotations:
D:6 3 runed translucent doors, Kass's ghost, novice SpEn
D:7 Joseph


Innate Abilities, Weirdness & Mutations

You have a pair of horns on your head.
You reflexively headbutt those who attack you in melee.


Message History

You slash Joseph!
Joseph is heavily wounded.
Joseph hits you but does no damage.
You writhe in agony.
You hit Joseph.
Joseph is heavily wounded.
Joseph hits you with a +1 quarterstaff of pain!!
You writhe in agony.
You barely miss Joseph. Your headbutt misses Joseph.
Joseph is heavily wounded.
Joseph hits you with a +1 quarterstaff of pain!
* * * LOW HITPOINT WARNING * * *
Unknown command.
Okay, then.
Okay, then.
Okay, then.
As you read the scroll of fear, it crumbles to dust.
You assume a fearsome visage.
Joseph looks frightened!
Joseph wails, "Help!"
Items here: )))) [ รทรท.
You start resting.
Joseph is nearby!
You start resting.
Joseph is nearby!
Joseph is nearby!
Okay, then.
Okay, then.
You feel yourself speed up.
You rampage towards Joseph!
You closely miss Joseph.
Joseph is heavily wounded.
Joseph hits you with a +1 quarterstaff of pain!
* * * LOW HITPOINT WARNING * * *
You slash Joseph!
Joseph is severely wounded.
Unknown command.
You hit Joseph. You headbutt Joseph.
Joseph is almost dead.
Joseph hits you with a +1 quarterstaff of pain!
* * * LOW HITPOINT WARNING * * *
You writhe in agony.
You die...

.......).......#
#####..##......#
#########......#
.#............######
.#............##...#
.'.....##.....##...#
.#.....##.....##...##
.##....##...........#
.##<...##...........#
'##.....'.....##@..##
.......##.....##@..#
.......##.....##.).##
.##.....#.........^.#
.##.....#......#....#
.##....##......######
.##....#######.#
..#.....# ###
..#.....# #####..####
#####.....#
...#.....##


You could see Joseph.

Vanquished Creatures
  A steam dragon (D:7)
  A water moccasin (D:6)
  2 ogres
  A centaur (D:5)
  2 kobold brigands
  A bullfrog (D:7)
  3 scorpions
  3 bombardier beetles
  4 hounds
  A jelly (D:5)
  An orc priest (D:5)
  A gnoll bouda (D:7)
  4 iguanas
  3 sleepcaps
  6 gnolls
  4 adders
  2 white imps
  2 ufetubi (D:5)
  6 ribbon worms
  A dart slug (D:4)
  6 orcs
  8 ball pythons
  7 bats
  11 endoplasms
  2 giant cockroaches
  4 goblins
  11 hobgoblins
  4 jackals (D:2)
  17 kobolds
  6 quokkas
  5 frilled lizards
  5 rats
135 creatures vanquished.

Notes
Turn   | Place    | Note
-------+----------+-------------------------------------------
     0 | D:1      | mulx the Minotaur Fighter began the quest for the Orb.
     0 | D:1      | Reached XP level 1. HP: 19/19 MP: 0/0
   317 | D:1      | Reached XP level 2. HP: 25/27 MP: 1/1
  1175 | D:2      | Reached XP level 3. HP: 33/33 MP: 2/2
  1185 | D:2      | Found a faded altar of an unknown god.
  1223 | D:2      | Reached skill level 3 in Axes
  1259 | D:2      | Reached skill level 4 in Axes
  1259 | D:2      | Reached XP level 4. HP: 40/40 MP: 3/3
  1585 | D:2      | Identified the +0 leather armour of Lugonu, Freezing {Str+5
                  | Slay+2}
  2352 | D:3      | Reached skill level 5 in Axes
  2352 | D:3      | Reached skill level 1 in Dodging
  2352 | D:3      | Reached XP level 5. HP: 46/46 MP: 4/4
  2719 | D:3      | Found Mevvoyn's General Store.
  2736 | D:3      | Bought a scroll of identify for 20 gold pieces
  2736 | D:3      | Bought a scroll of identify for 20 gold pieces
  3215 | D:4      | Reached skill level 6 in Axes
  3215 | D:4      | Reached XP level 6. HP: 48/52 MP: 5/5
  3696 | D:4      | Reached skill level 7 in Axes
  4253 | D:5      | Entered Level 5 of the Dungeon
  4285 | D:5      | Reached XP level 7. HP: 59/59 MP: 6/6
  4624 | D:5      | Reached skill level 8 in Axes
  4877 | D:5      | Found a staircase to the Ecumenical Temple.
  4911 | D:5      | Reached skill level 9 in Axes
  4911 | D:5      | Reached skill level 1 in Evocations
  5472 | Temple   | Entered the Ecumenical Temple
  5484 | Temple   | Became a worshipper of Elyvilon the Healer
  5620 | D:6      | Reached XP level 8. HP: 66/66 MP: 7/7
  5636 | D:6      | Found an opulent altar of Gozag.
  5674 | D:6      | Reached skill level 1 in Invocations
  5844 | D:6      | Found a runed translucent gate.
  5845 | D:6      | Noticed a spectral unseen horror
  5849 | D:6      | Noticed a spectral unseen horror
  5849 | D:6      | Found a runed translucent gate.
  5855 | D:6      | Found a runed translucent gate.
  5863 | D:6      | Noticed Kass's ghost (novice SpEn)
  5951 | D:6      | Found Feklar's Distillery.
  5954 | D:6      | Bought a potion of haste for 110 gold pieces
  5954 | D:6      | Bought a potion of degeneration for 11 gold pieces
  6175 | D:6      | Reached * piety under Elyvilon
  6898 | D:7      | Reached skill level 10 in Axes
  6935 | D:7      | Noticed Joseph
  6939 | D:7      | Reached ** piety under Elyvilon
  7262 | D:7      | HP: 1/66 [Joseph/+1 quarterstaff of pain (9)]
  7262 | D:7      | Slain by Joseph

Illustrated notes

Levels and vault maps discovered:
D:1:      dpeg_arrival_another_circle, layout_basic
D:2:      layout_basic, hellmonk_ecumenical_altar_blasted, grunt_decor_fettered,
          minivault_25
D:3:      layout_basic, serial_shops, shop, kennysheep_minor_cross,
          hellmonk_no_cap
D:4:      layout_basic, nicolae_overflow_hidden_temple, minmay_liquid_box,
          kennysheep_generic_room_5
D:5:      layout_basic, minmay_temple_entry_sparse_star, st_stairs_5
D:6:      layout_basic, mainiacjoe_overflow_alcove_2, serial_shops, shop,
          gammafunk_ghost_necromancy, serial_library_hellmonk_hallway_a
D:7:      layout_gridville, uniq_joseph
Temple:   nicolae_temple_bog_church

Skill      XL: |  1  2  3  4  5  6  7  8 |
---------------+-------------------------+-----
Shields        | 4 |  4.1
Armour         | 4 |  4.3
Fighting       | 4 |  4.0
Axes           | 4 5 6 7 9 10 | 10.2
Dodging        | 1 2 3 4 |  4.0
Evocations     | 1 2 |  2.8
Invocations    | 3 |  3.4

Action                     |  1- 3 |  4- 6 |  7- 9 || total
---------------------------+-------+-------+-------++-------
  Melee: War axe           |    66 |   140 |   104 ||   310
         Headbutt          |     9 |    18 |    18 ||    45
    Use: Scroll            |       |     4 |     3 ||     7
         Potion            |       |       |     2 ||     2
 Armour: Scale mail        |    38 |    12 |       ||    50
         Leather armour    |       |    51 |    70 ||   121
  Dodge: Dodged            |    14 |    67 |    61 ||   142
  Block: Buckler           |    15 |    23 |    19 ||    57
